 Dungeon Crawl Stone Soup version 0.27-a0-148-g9515ab555c (webtiles) character file.

Game seed: 6113379877746727643

142 knot the Chopper (level 5, 45/61 HPs)
             Began as a Demonspawn Berserker on Jan 27, 2021.
             Was a Believer of Trog.
             Quit the game on level 3 of the Dungeon.
             The game lasted 00:05:09 (3566 turns).

knot the Chopper (Demonspawn Berserker)             Turns: 3566, Time: 00:05:10

Health: 45/61      AC:  2    Str: 17    XL:     5   Next: 3%
Magic:  5/5        EV: 12    Int:  9    God:    Trog [**....]
Gold:   175        SH:  0    Dex: 13    Spells: 4/4 levels left

rFire    . . .     SeeInvis .   a - +0 hand axe
rCold    . . .     Faith    .   (no shield)
rNeg     . . .     Spirit   .   b - +0 animal skin
rPois    .         Reflect  .   (no helmet)
rElec    .         Harm     .   (no cloak)
rCorr    .         Rampage  .   (no gloves)
Will     .....                  (no boots)
Stlth    ..........             (no amulet)
HPRegen  1.20/turn              (no ring)
MPRegen  0.09/turn              (no ring)

@: berserking, very quick
A: powered by death 1, sturdy frame 2, demonic magic 1
a: Renounce Religion, Berserk, Trog's Hand


You were on level 3 of the Dungeon.
You worshipped Trog.
Trog was pleased with you.
You visited 1 branch of the dungeon, and saw 3 of its levels.

You collected 175 gold pieces.

Inventory:

Hand Weapons
 a - a +0 hand axe (weapon)
Missiles
 f - 109 stones
 g - 4 poisoned darts (quivered)
Armour
 b - a +0 animal skin (worn)
 o - a +2 kite shield
Jewellery
 q - an uncursed ring of ice
Wands
 k - a wand of iceblast (9)
Scrolls
 c - 2 scrolls of blinking {unknown}
 d - 2 scrolls of teleportation {unknown}
 h - a scroll of identify {unknown}
 j - a scroll of fear {unknown}
 n - a scroll of enchant weapon {unknown}
 p - a scroll of remove curse {unknown}
 r - a scroll of amnesia {unknown}
Potions
 e - a potion of might {unknown}
 i - a potion of invisibility {unknown}
 l - a potion of heal wounds {unknown}
 m - a potion of curing {unknown}
 s - 2 potions of magic {unknown}


   Skills:
 - Level 3.0 Fighting
 * Level 4.6 Axes
 * Level 2.2 Throwing
 - Level 1.7 Armour
 - Level 1.7 Dodging


You had 4 spell levels left.
You didn't know any spells.
Your spell library was empty.

Dungeon Overview and Level Annotations

Branches:
Dungeon (3/15)

Altars:


Innate Abilities, Weirdness & Mutations

You regenerate a little health from kills.
Your movements are less encumbered by armour. (ER -4)
Spells you cast may paralyse adjacent enemies.


Message History

You kill the goblin!
Trog accepts your kill.
You completely miss Terence. You barely miss Terence.
Terence zaps a wand.
The puff of flame hits you.
You closely miss Terence. Terence hits you with a +5 vorpal mace.
You hit Terence.
Terence is lightly wounded.
Terence hits you but does no damage.
You slash Terence!
Terence is heavily wounded.
You slash Terence!
Terence is almost dead.
Terence zaps a wand.
The puff of flame misses you.
You hit Terence.
You kill Terence!
Trog accepts your kill.
You have reached level 5!
Your demonic ancestry asserts itself...
A menacing aura infuses your magic.
Are you sure you want to abandon this character and quit the game? (Confirm with "yes".)

#################
#.@r...$.........
#.#########......
#.# .....
###########.# ....
.......#....# [..
....)...P.♣PP.....
..
.....P...♣♣P♣....#
.
####PP.♣♣♣♣♣.PP.#
#...P♣♣♣♣♣♣


P You could see a rat.

Vanquished Creatures
  Terence (D:3)
  6 adders
  A dart slug (D:2)
  A worm (D:2)
  A leopard gecko (D:1)
  An orc (D:3)
  3 giant cockroaches
  8 hobgoblins
  4 jackals (D:1)
  A quokka (D:2)
  5 bats
  7 frilled lizards
  9 goblins
  7 kobolds
  5 rats
60 creatures vanquished.

Vanquished Creatures (others)
  A plant (D:3)
1 creature vanquished.

Grand Total: 61 creatures vanquished

Notes
Turn   | Place    | Note
-------+----------+-------------------------------------------
     0 | D:1      | knot the Demonspawn Berserker began the quest for the Orb.
     0 | D:1      | Reached XP level 1. HP: 18/18 MP: 1/1
   214 | D:1      | Reached skill level 3 in Axes
   585 | D:1      | Gained mutation: Your movements are slightly less
                  | encumbered by armour. (ER -2) [demonic ancestry]
   585 | D:1      | Reached XP level 2. HP: 23/24 MP: 2/2
  1139 | D:1      | Gained mutation: You regenerate a little health from kills.
                  | [demonic ancestry]
  1139 | D:1      | Reached XP level 3. HP: 29/29 MP: 3/3
  2130 | D:2      | Reached skill level 4 in Axes
  2400 | D:2      | Reached skill level 1 in Throwing
  2620 | D:2      | Reached ** piety under Trog
  2621 | D:2      | Gained mutation: Your movements are less encumbered by
                  | armour. (ER -4) [demonic ancestry]
  2621 | D:2      | Reached XP level 4. HP: 29/35 MP: 4/4
  3538 | D:3      | Noticed Terence
  3565 | D:3      | Killed Terence
  3566 | D:3      | Gained mutation: Spells you cast may paralyse adjacent
                  | enemies. [demonic ancestry]
  3566 | D:3      | Reached XP level 5. HP: 41/41 MP: 5/5
  3566 | D:3      | Quit the game

Illustrated notes

Levels and vault maps discovered:
D:1:      saegor_arrival_under_anarchy, layout_basic, serial_forest,
          infiniplex_forest_straight_1, infiniplex_forest_straight_1,
          infiniplex_forest_end_2, infiniplex_forest_straight_2,
          infiniplex_forest_clump_cross
D:2:      layout_loops_ring
D:3:      layout_basic, serial_forest, infiniplex_forest_straight_2,
          infiniplex_forest_lined_3, infiniplex_forest_fountain,
          infiniplex_forest_straight_2, infiniplex_forest_end_double,
          infiniplex_forest_straight_4, infiniplex_forest_clump_long,
          minmay_ruptured, uniq_natasha, uniq_terence

Skill      XL: |  1  2  3  4 |
---------------+-------------+-----
Axes           | 3 4 |  4.6
Throwing       | 1 2 |  2.2
Fighting       | |  3.0
Armour         | |  1.7
Dodging        | |  1.7

Action                   |  1- 3 |  4- 6 || total
-------------------------+-------+-------++-------
Melee: Hand axe          |   124 |    38 ||   162
Throw: Dart              |    31 |    14 ||    45
       Stone             |       |     1 ||     1
Invok: Berserk           |     2 |     4 ||     6
Armor: Animal skin       |    21 |     4 ||    25
Dodge: Dodged            |    70 |    20 ||    90
Block: Kite shield       |       |     7 ||     7

Table legend: (Time is in decaauts)
 A = Elapsed time spent in this place.
 B = Non-inter-level travel time spent in this place.
 C = Inter-level travel time spent in this place.
 D = Time resting spent in this place.
 E = Time spent auto-exploring this place.
 F = Levels seen in this place.
 G = Mean time per level.
                   A        B        C        D        E       F      G
               +--------+--------+--------+--------+--------+-----+--------+
         Total |   3631 |   3551 |     80 |   1301 |   1823 |   3 | 1210.3 |
       Dungeon |   3631 |   3551 |     80 |   1301 |   1823 |   3 | 1210.3 |
               +--------+--------+--------+--------+--------+-----+--------+

Top non-repeatable levels by time:
     D:2: 1802 daAuts
     D:1: 1657 daAuts
     D:3: 171 daAuts
